 Dungeon Crawl Stone Soup version 0.24-a0-537-g2d01d4ab0a (webtiles) character file.

Game seed: 4949581726429868479

6671 Gynju the Unseen (level 10, 0/44 HPs)
             Began as a Spriggan Enchanter on Aug 16, 2019.
             Was a Priest of Kikubaaqudgha.
             Slain by a killer bee (3 damage)
             ... on level 9 of the Dungeon.
             The game lasted 00:33:41 (14644 turns).

Gynju the Unseen (Spriggan Enchanter)              Turns: 14644, Time: 00:33:42

Health: 0/44       AC:  3    Str:  4    XL:     10   Next: 73%
Magic:  17/24      EV: 18    Int: 19    God:    Kikubaaqudgha [***...]
Gold:   603        SH:  0    Dex: 18    Spells: 16/27 levels left

rFire    + + .     SeeInvis +   a - +2 dagger
rCold    x . .     Gourm    .   (shield restricted)
rNeg     . . .     Faith    .   r - +1 robe {Archmagi}
rPois    .         Spirit   .   (helmet restricted)
rElec    .         Reflect  .   (no cloak)
rCorr    .         Harm     .   (gloves unavailable)
MR       +....                  (boots unavailable)
Stlth    ++++++....             (no amulet)
HPRegen  0.14/turn              G - ring of fire
MPRegen  0.19/turn              x - ring of protection from fire

@: lethally poisoned (0 -> -11), very quick
A: very small, unfitting armour, see invisible, herbivore, speed 3, slow
metabolism 2
a: Receive Corpses, Renounce Religion


You were on level 9 of the Dungeon.
You worshipped Kikubaaqudgha.
Kikubaaqudgha was most pleased with you.
You were not hungry.

You visited 2 branches of the dungeon, and saw 11 of its levels.

You collected 603 gold pieces.

Inventory:

Hand Weapons
 a - a +2 dagger (weapon)
 b - a +3 rapier
 f - a +1 short sword of electrocution
Missiles
 h - 474 stones (quivered)
 w - 25 poisoned darts
Armour
 r - a +1 robe of the Archmagi (worn)
Jewellery
 l - an uncursed ring of stealth
 x - a ring of protection from fire (right hand)
 B - an uncursed ring of ice
 G - a ring of fire (left hand)
 J - a +4 ring of protection {unknown}
Wands
 k - a wand of flame (23)
 z - a wand of paralysis (10)
 A - a wand of polymorph (26)
 I - a wand of random effects (42)
Scrolls
 c - 3 scrolls of identify
 g - 5 scrolls of magic mapping
 n - 6 scrolls of remove curse
 o - 5 scrolls of amnesia
 s - 3 scrolls of teleportation
 y - 3 scrolls of immolation
 D - a scroll of enchant armour {unknown}
 E - 2 scrolls of random uselessness {unknown}
 F - 2 scrolls of fear {unknown}
Potions
 e - 5 potions of curing
 i - a potion of berserk rage
 j - 4 potions of ambrosia
 m - 2 potions of cancellation
 p - a potion of brilliance
 q - 2 potions of lignification {unknown}
 t - a potion of degeneration {unknown}
 u - 2 potions of heal wounds {unknown}
 v - 4 potions of mutation
 C - 2 potions of flight {unknown}
 H - a potion of agility {unknown}
 K - a potion of magic {unknown}
 L - a potion of haste
Comestibles
 d - 17 rations


   Skills:
 - Level 1.1 Short Blades
 - Level 3.0 Dodging
 * Level 15.7 Stealth
 + Level 9.3 Spellcasting
 - Level 12.0 Hexes
 * Level 1.9 Necromancy
 * Level 1.5 Ice Magic


You had 16 spell levels left.
You knew the following spells:

 Your Spells              Type           Power        Failure   Level  Hunger
a - Dazzling Spray        Conj/Hex       #####.       1%          3    None
b - Ensorcelled Hibernat  Hex/Ice        ######       1%          2    None
c - Tukima's Dance        Hex            ######..     1%          3    None
d - Confuse               Hex            ######..     1%          3    None

Your spell library contained the following spells:

 Spells                   Type           Power        Failure   Level  Hunger
 Corona                   Hex            ######.      1%          1    None
 Animate Skeleton         Necr           N/A          3%          1    None
 Pain                     Necr           ###.         3%          1    None
 Sublimation of Blood     Necr           ###.......   5%          2    None
 Sting                    Conj/Pois      ##..         9%          1    None
 Vampiric Draining        Necr           ###.......   11%         3    None
 Poisonous Vapours        Pois/Air       ##....       12%         2    None
 Regeneration             Chrm/Necr      ###.......   16%         3    None
 Mephitic Cloud           Conj/Pois/Air  ##......     24%         3    None
 Animate Dead             Necr           N/A          34%         4    ###....
 Olgreb's Toxic Radiance  Pois           ##......     63%         4    ###....
 Agony                    Necr           ###.....     69%         5    #####..
 Dispel Undead            Necr           ###.....     69%         5    #####..
 Excruciating Wounds      Chrm/Necr      ###.......   83%         5    #####..
 Venom Bolt               Conj/Pois      ##........   92%         5    #####..
 Death Channel            Necr           ###.......   99%         6    ######.
 Simulacrum               Ice/Necr       ###.......   99%         6    ######.


Dungeon Overview and Level Annotations

Branches:
Dungeon (10/15)            Temple (1/1) D:4
   Lair: D:8-11         Orc: D:9-12

Altars:
Cheibriados
Dithmenos
Elyvilon
Fedhas
Gozag
Kikubaaqudgha
Makhleb
Qazlal
Sif Muna
Trog
Uskayaw
Wu Jian
Zin
The Shining One

Shops:
D:7 *


Innate Abilities, Weirdness & Mutations

You are very small and have problems with some larger weapons.
You are too small for most types of armour.
You have supernaturally acute eyesight. (SInv)
You are a herbivore.
You cover ground extremely quickly.
You need to consume almost no food.


Message History

The killer bee poisons you! The killer bee closely misses you.
The killer bee completely misses you.
Casting: Ensorcelled Hibernation (safe; 1% risk of failure)
Confirm with . or Enter, or press ? or * to list all spells.
Aiming: Ensorcelled Hibernation (safe; 1% risk of failure)
Press: ? - help, Shift-Dir - straight line, f/p - killer bee
Aim: a killer bee (chance to defeat MR: 79%)
You feel a surge of power!
The killer bee looks drowsy...
* * * LOW HITPOINT WARNING * * *
You feel sick. The killer bee stings you.
* * * LOW HITPOINT WARNING * * *
The killer bee completely misses you.
The helpless killer bee fails to defend itself.
You stick the killer bee like a pincushion!!!
You kill the killer bee!
Kikubaaqudgha accepts your kill.
* * * LOW HITPOINT WARNING * * *
You feel sick. The killer bee stings you.
You die...
Kikubaaqudgha rasps: "You have failed me!
Welcome... death!"

#......#.........### ##.## #.##
#...........####.#.# #..# #####
.........##.# #.##.## #.## #.#
.........##.###.....###..####.#
...#......#..#.......##.......#
......###.....#..##...........###
......##.#..##.....##.<.........#
...........(.(..#y###...######..#
...........###..@..##...# ##.#
.........##.###..†......# #.#
........###.###..#..###.# ##.#
.#......####..#.#######)# ###..#
......#..##.###.# ####.<####...##
......#..##.##..###....###..####
..........#.##.###...#####.## ##
......##.###...# ##..# #..#####.
..(...##.###..## #..## ##..##...


You could see a killer bee.

Vanquished Creatures
  Harold (D:7)
  A two-headed ogre (D:8)
  Maurice (D:8)
  A wyvern (D:8)
  A yak (D:6)
  3 hogs (D:7)
  A human (D:7)
  2 phantoms (D:9)
  2 ice beasts (D:6)
  2 sky beasts
  2 ogres
  4 centaurs
  2 wolves (D:8)
  3 big kobolds
  5 bullfrogs
  9 scorpions
  11 killer bees
  5 howler monkeys
  2 bullfrog zombies
  6 crimson imps
  3 centaur zombies
  3 hounds
  A quasit (D:9)
  3 orc priests
  A gnoll shaman (D:6)
  A centaur skeleton (D:9)
  3 bullfrog skeletons
  Ijyb (D:3)
  2 iguanas
  2 orc wizards
  4 worker ants
  Robin (D:2)
  9 adders
  2 gnolls (D:6)
  2 adder skeletons
  4 worms (D:2)
  A dart slug (D:1)
  3 leopard geckos
  23 orcs
  3 giant cockroaches (D:3)
  27 goblins
  6 hobgoblins
  9 jackals
  2 quokkas (D:3)
  2 ball pythons
  7 bats
  8 frilled lizards
  16 kobolds
  A leopard gecko skeleton (D:4)
  A leopard gecko zombie (D:7)
  8 rats
  A fungus (D:5)
224 creatures vanquished.

Vanquished Creatures (collateral kills)
  Grum (D:8)
  An orc warrior (D:6)
  An orc wizard (D:8)
  2 gnolls (D:6)
  6 orcs
11 creatures vanquished.

Vanquished Creatures (others)
  A dancing weapon (D:6)
1 creature vanquished.

Grand Total: 236 creatures vanquished

Notes
Turn   | Place    | Note
-------+----------+-------------------------------------------
     0 | D:1      | Gynju the Spriggan Enchanter began the quest for the Orb.
     0 | D:1      | Reached XP level 1. HP: 9/9 MP: 5/5
   488 | D:1      | Reached XP level 2. HP: 13/13 MP: 6/6
   492 | D:1      | Learned a level 2 spell: Ensorcelled Hibernation
   816 | D:2      | Reached skill level 5 in Stealth
   907 | D:2      | Noticed Robin
  1014 | D:1      | Reached XP level 3. HP: 9/16 MP: 0/8
  1516 | D:2      | Killed Robin
  2362 | D:2      | Learned a level 3 spell: Tukima's Dance
  2415 | D:3      | Reached skill level 6 in Stealth
  2415 | D:3      | Reached XP level 4. HP: 13/21 MP: 5/10
  2465 | D:3      | HP: 1/21 [leopard gecko (2)]
  3531 | D:2      | Reached skill level 5 in Hexes
  3598 | D:3      | Reached XP level 5. HP: 24/24 MP: 6/11
  4446 | D:3      | Noticed Ijyb
  4553 | D:3      | Killed Ijyb
  4553 | D:3      | Reached skill level 7 in Stealth
  4860 | D:4      | Found a blossoming altar of Fedhas.
  4860 | D:4      | Found a snail-covered altar of Cheibriados.
  4860 | D:4      | Found a shadowy altar of Dithmenos.
  4860 | D:4      | Found a hide-covered altar of Uskayaw.
  5005 | D:3      | Learned a level 3 spell: Confuse
  5009 | D:3      | Learned a level 3 spell: Dazzling Spray
  5044 | D:4      | Reached XP level 6. HP: 15/28 MP: 6/13
  5294 | D:4      | Reached skill level 8 in Stealth
  5315 | D:4      | Found a staircase to the Ecumenical Temple.
  5325 | Temple   | Entered the Ecumenical Temple
  5407 | Temple   | Became a worshipper of Kikubaaqudgha
  5665 | D:4      | Found a burning altar of Makhleb.
  5666 | D:4      | Noticed a green death
  5707 | D:4      | Found a glowing silver altar of Zin.
  5708 | D:4      | Noticed an angel
  5774 | D:4      | Reached XP level 7. HP: 32/32 MP: 12/15
  6188 | D:5      | Entered Level 5 of the Dungeon
  6196 | D:4      | Reached skill level 9 in Stealth
  6253 | D:5      | Reached skill level 5 in Spellcasting
  6608 | D:5      | Found a white marble altar of Elyvilon.
  6698 | D:5      | Reached skill level 10 in Stealth
  6703 | D:5      | Reached XP level 8. HP: 22/36 MP: 3/17
  7373 | D:6      | Reached * piety under Kikubaaqudgha
  7373 | D:6      | Identified Kikubaaqudgha's Reference Book on Unholy Arts
                  | (Kikubaaqudgha gifted it to you on level 6 of the Dungeon)
  7373 | D:6      | Received a gift from Kikubaaqudgha
  7406 | D:6      | Reached skill level 11 in Stealth
  8178 | D:7      | Reached skill level 12 in Stealth
  8242 | D:7      | Found Quddoful's Island Escapes.
  8250 | D:7      | Found a shimmering blue altar of Sif Muna.
  8250 | D:7      | Found a stormy altar of Qazlal.
  8334 | D:7      | Reached XP level 9. HP: 37/39 MP: 20/20
  8458 | D:7      | Reached ** piety under Kikubaaqudgha
  8944 | D:7      | Reached skill level 10 in Hexes
  9604 | D:7      | Reached skill level 13 in Stealth
  9899 | D:8      | Noticed a two-headed ogre
 10134 | D:8      | Found an opulent altar of Gozag.
 10438 | D:8      | Killed a two-headed ogre
 10438 | D:8      | Reached skill level 14 in Stealth
 10482 | D:8      | Reached XP level 10. HP: 44/44 MP: 16/23
 10629 | D:8      | Noticed Harold
 10638 | D:8      | Noticed Grum
 11287 | D:7      | Killed Harold
 11916 | D:8      | Killed Grum
 12216 | D:8      | Reached skill level 15 in Stealth
 12217 | D:8      | Noticed Maurice
 12429 | D:8      | Killed Maurice
 12870 | D:9      | Reached *** piety under Kikubaaqudgha
 12870 | D:9      | Identified Kikubaaqudgha's Handbook of Sinister Arts
                  | (Kikubaaqudgha gifted it to you on level 9 of the Dungeon)
 12870 | D:9      | Received a gift from Kikubaaqudgha
 13446 | D:9      | Reached skill level 1 in Necromancy
 13519 | D:9      | Reached skill level 1 in Ice Magic
 14632 | D:10     | Entered Level 10 of the Dungeon
 14644 | D:9      | Slain by a killer bee

Levels and vault maps discovered:
D:1:      evilmike_arrival_plus, layout_basic, hex_tiny
D:2:      layout_basic, uniq_robin
D:3:      kennysheep_goblin_castle, layout_rooms, nrook_loot_triangle
D:4:      cheibrodos_greedy_goblins, layout_cave_pools,
          grunt_temple_overflow_order_and_chaos_2,
          chequers_temple_overflow_statue_of_worship,
          minmay_temple_entry_statues_pillars
D:5:      old_forge, layout_rooms, kennysheep_mini_moat, first_ration
D:6:      layout_cave_pools
D:7:      layout_loops_ring, gammafunk_temple_overflow_elements,
          grunt_livestock, nicolae_island_escapes
D:8:      layout_rooms, basic_altar, uniq_maurice, uniq_grum, uniq_harold
D:9:      layout_layer_cave
D:10:     layout_loops_cross, erik_lair_orcish_takeover, st_stairs_13,
          okawaru_humans
Temple:   oiseaux_autumnal_temple

Skill      XL: |  1  2  3  4  5  6  7  8  9 10 |
---------------+-------------------------------+-----
Hexes          | 4 5 6 8 9 11 12 | 12.0
Stealth        | 5 6 7 8 10 12 14 15 | 15.7
Spellcasting   | 3 4 5 6 8 9 |  9.3
Necromancy     | 1 |  1.9
Ice Magic      | 1 |  1.5
Short Blades   | |  1.1
Dodging        | |  3.0

Action                   |  1- 3 |  4- 6 |  7- 9 | 10-12 || total
-------------------------+-------+-------+-------+-------++-------
Melee: Dagger            |    84 |   158 |   130 |    94 ||   466
       Short sword       |       |       |    46 |       ||    46
       Rapier            |       |       |     4 |       ||     4
Throw: Stone             |    20 |     3 |     3 |       ||    26
 Cast: Corona            |     1 |       |       |       ||     1
       Ensorcelled Hiber |    26 |    68 |    91 |    65 ||   250
       Confuse           |       |     1 |     8 |    12 ||    21
       Tukima's Dance    |       |       |     7 |     7 ||    14
       Dazzling Spray    |       |       |    12 |    13 ||    25
  Use: Scroll            |       |    11 |     4 |     1 ||    16
       Potion            |       |       |       |     4 ||     4
 Stab: Sleeping          |    23 |    35 |    69 |    37 ||   164
       Confused          |       |     1 |     7 |     4 ||    12
       Distracted        |       |       |     1 |     3 ||     4
  Eat: Ration            |       |     3 |     3 |     2 ||     8
Armor: Robe              |     8 |    24 |     9 |    11 ||    52
Dodge: Dodged            |    78 |   166 |   126 |   104 ||   474

Table legend:
 A = Non-vault XP
 B = Vault XP
 C = Vault XP percentage of total XP
 D = Non-vault monster count
 E = Vault monster count
 F = Vault count percentage of total count
                 A         B        C        D         E       F
            +---------+---------+-------+---------+---------+-------
      Total |    6210 |    3320 |  34.8 |     185 |      49 |  20.9
            +---------+---------+-------+---------+---------+-------
        D:1 |      18 |       4 |  18.2 |      12 |       2 |  14.3
        D:2 |      75 |      23 |  23.5 |      21 |       5 |  19.2
        D:3 |     165 |      68 |  29.2 |      25 |      12 |  32.4
        D:4 |     434 |      17 |   3.8 |      18 |       9 |  33.3
        D:5 |     391 |     453 |  53.7 |       7 |      11 |  61.1
        D:6 |     969 |     209 |  17.7 |      26 |       1 |   3.7
        D:7 |     956 |    1793 |  65.2 |      24 |       5 |  17.2
        D:8 |    1899 |     753 |  28.4 |      27 |       4 |  12.9
        D:9 |    1303 |       0 |   0.0 |      25 |       0 |   0.0
            +---------+---------+-------+---------+---------+-------
